 Dungeon Crawl Stone Soup version 0.25.0 (webtiles) character file.

Game seed: 15682182750137236486

56 Exodus22XD the Magician (level 3, -10/19 HPs)
             Began as a Deep Elf Wizard on June 12, 2020.
             Mangled by Sigmund
             ... wielding a +0 scythe
              (15 damage)
             ... on level 2 of the Dungeon.
             The game lasted 00:04:09 (1451 turns).

Exodus22XD the Magician (Deep Elf Wizard)           Turns: 1451, Time: 00:04:10

Health: -10/19     AC:  2    Str:  4    XL:     3   Next: 71%
Magic:  4/11       EV: 13    Int: 23    God:
Gold:   39         SH:  0    Dex: 13    Spells: 3/11 levels left

rFire    . . .     SeeInvis .   j - +0 short sword
rCold    . . .     Gourm    .   (no shield)
rNeg     . . .     Faith    .   a - +0 robe
rPois    .         Spirit   .   b - +0 hat
rElec    .         Reflect  .   (no cloak)
rCorr    .         Harm     .   (no gloves)
MR       .....                  (no boots)
Stlth    +.........             (no amulet)
HPRegen  0.06/turn              h - ring of attention (curse)
MPRegen  0.12/turn              (no ring)

@: very slightly contaminated
A: no striking features
a: no special abilities


You were on level 2 of the Dungeon.
You were not hungry.

You visited 1 branch of the dungeon, and saw 2 of its levels.

You collected 39 gold pieces.

Inventory:

Hand Weapons
 j - a +0 short sword (weapon)
Armour
 a - a +0 robe (worn)
 b - a +0 hat (worn)
Jewellery
 h - a cursed ring of attention (left hand)
 m - an uncursed amulet of guardian spirit {unknown}
Scrolls
 e - 2 scrolls of enchant armour {unknown}
 f - a scroll of blinking {unknown}
 g - 3 scrolls of identify {unknown}
 i - 2 scrolls of amnesia {unknown}
 k - a scroll of fog {unknown}
Potions
 c - 2 potions of curing {unknown}
Comestibles
 d - 4 rations
 l - 7 chunks of flesh


   Skills:
 - Level 2.4 Dodging
 - Level 2.4 Stealth
 - Level 4.6 Spellcasting
 + Level 3.8 Conjurations
 - Level 1.1 Summonings
 - Level 1.1 Translocations


You had 3 spell levels left.
You knew the following spells:

 Your Spells              Type           Power        Failure   Level  Hunger
a - Magic Dart            Conj           ###.         1%          1    None
b - Call Imp              Summ           ##......     10%         2    None
c - Blink                 Tloc           N/A          10%         2    None
d - Conjure Flame         Conj/Fire      ##......     13%         3    ##.....

Your spell library contained the following spells:

 Spells                   Type           Power        Failure   Level  Hunger
 Slow                     Hex            #.......     16%         2    None
 Mephitic Cloud           Conj/Pois/Air  ##......     17%         3    ##.....


Dungeon Overview and Level Annotations

Branches:
Dungeon (2/15)

Altars:

Annotations:
D:2 Sigmund


Message History

Nothing appears to happen.
The jackal barely misses you. Something hits you!
Ouch! That really hurt!
Casting: Magic Dart (safe; 1% risk of failure)
Confirm with . or Enter, or press ? or * to list all spells.
Aiming: Magic Dart (safe; 1% risk of failure)
Press: ? - help, Shift-Dir - straight line, f/p - jackal
Aim: a jackal (severely wounded)
The magic dart hits the jackal but does no damage.
The jackal is severely wounded.
The jackal bites you.
* * * LOW HITPOINT WARNING * * *
Casting: Magic Dart (safe; 1% risk of failure)
Confirm with . or Enter, or press ? or * to list all spells.
Aiming: Magic Dart (safe; 1% risk of failure)
Press: ? - help, Shift-Dir - straight line, f/p - jackal
Aim: a jackal (severely wounded)
You miscast Magic Dart.
Nothing appears to happen.
The jackal misses you. Something hits you!
Ouch! That really hurt!
You die...

.. ... .... #. .....##
.. #... .# ##.. .. #.#
########.###... ##..#
#.÷.{5@h......###.#....
##.#########....@......#
#..# ## %.......#
#.########...... #..
######<.........#..# .
###.......##.#####..# #.
........####.#####.# #
###..###......♣♣...# #.
#....♣...♣....#


You could see a jackal and a friendly crimson imp (summoned).

Vanquished Creatures
  2 adders (D:2)
  3 dart slugs (D:1)
  A leopard gecko (D:1)
  2 ball pythons
  6 bats
  A giant cockroach (D:1)
  2 goblins (D:1)
  3 hobgoblins (D:1)
  2 jackals (D:2)
  A frilled lizard (D:1)
  4 kobolds (D:1)
  4 rats (D:1)
31 creatures vanquished.

Notes
Turn   | Place    | Note
-------+----------+-------------------------------------------
     0 | D:1      | Exodus22XD the Deep Elf Wizard began the quest for the Orb.
     0 | D:1      | Reached XP level 1. HP: 10/10 MP: 7/7
   322 | D:1      | Reached XP level 2. HP: 15/15 MP: 5/9
  1074 | D:1      | Reached XP level 3. HP: 19/19 MP: 9/11
  1348 | D:2      | Noticed Sigmund
  1379 | D:1      | Learned a level 2 spell: Call Imp
  1382 | D:1      | Learned a level 2 spell: Blink
  1386 | D:1      | Learned a level 3 spell: Conjure Flame
  1451 | D:2      | Mangled by Sigmund

Illustrated notes

Levels and vault maps discovered:
D:1:      sevenhm_arrival_forest_fort_small_3, layout_loops_ring
D:2:      layout_rooms, serial_forest, infiniplex_forest_corner_1,
          infiniplex_forest_side_room, infiniplex_forest_lined_corner,
          infiniplex_forest_3_way, infiniplex_forest_side_room,
          infiniplex_forest_end_1, infiniplex_forest_clump_C,
          infiniplex_forest_clump_medium, infiniplex_forest_clump_small,
          uniq_natasha, uniq_jessica, uniq_sigmund

Skill      XL: |  1  2 |
---------------+-------+-----
Conjurations   | 2 3 |  3.8
Dodging        | |  2.4
Stealth        | |  2.4
Spellcasting   | |  4.6
Summonings     | |  1.1
Translocations | |  1.1

Action                   || total
-------------------------++-------
Melee: Unarmed           ||     3
       Club              ||     1
 Cast: Magic Dart        ||    64
       Call Imp          ||     1
  Eat: Chunk             ||     1
Armor: Robe              ||     6
Dodge: Dodged            ||    22
